 Dungeon Crawl Stone Soup version 0.29.0-15-g675c0067aa (webtiles) character file.

Game seed: 5808150330268486845

49 qw the Sneak (level 3, 0/23 HPs)
             Began as a Gargoyle Delver on Sept 11, 2022.
             Slain by Duvessa
             ... wielding a +0 rapier
              (12 damage)
             ... on level 5 of the Dungeon.
             The game lasted 00:00:03 (167 turns).

qw the Sneak (Gargoyle Delver)                       Turns: 167, Time: 00:00:03

Health: 0/23       AC: 12    Str: 17    XL:     3   Next: 77%
Magic:  3/3        EV: 18    Int: 10    God:
Gold:   14         SH:  0    Dex: 11    Spells: 2/2 levels left

rFire   . . .      SeeInvis .   (weapon currently unavailable)
rCold   . . .      Faith    .   (shield currently unavailable)
rNeg    + + +      Spirit   .   (body armour currently unavailable)
rPois   inf        Reflect  .   (helmet currently unavailable)
rElec   .          Harm     .   (cloak currently unavailable)
rCorr   .          Rampage  .   (gloves currently unavailable)
Will    .....                   (boots currently unavailable)
Stlth   +++.......              (no amulet)
HPRegen 0.07/turn               (no ring)
MPRegen 0.08/turn               (no ring)

@: fungus-form
A: melee confuse, terrified, no casting, sickness immunity, AC +3, tiny,
negative energy resistance 1, (electricity resistance), torment resistance 1,
petrification resistance
a: no special abilities


You were on level 5 of the Dungeon.
You were a sentient fungus.
You visited 1 branch of the dungeon, and saw 1 of its levels.

You collected 14 gold pieces.


Innate Abilities, Weirdness & Mutations

You are a sentient fungus.
You are tiny and evasive.
Your melee attack releases spores that confuse breathing creatures.
You become terrified and freeze when enemies are visible.
Your armour is entirely melded.
You are incapable of wielding weapons or throwing items.
You cannot cast spells.
You are immune to sickness and miasma.
((Your stone body is resilient. (AC +3)))
You are immune to poison.
You resist negative energy. (rN+)
((You are resistant to electric shocks. (rElec)))
You are resistant to unholy torment.
You are immune to petrification.


   Skills:
 - Level 3.2 Fighting
 + Level 3.6 Axes
 - Level 1.5 Dodging
 - Level 5.4 Stealth


You had 2 spell levels left.
You didn't know any spells.
Your spell library was empty.

Inventory:

Hand Weapons
 a - a +0 hand axe (melded)
Armour
 b - a +0 leather armour (melded)
Wands
 g - a wand of digging (3)
Scrolls
 c - a scroll of fog
 d - a scroll of magic mapping
 e - a scroll of fear
 j - a scroll of teleportation {unknown}
Potions
 f - a potion of haste
 h - a potion of flight {unknown}
 i - a potion of attraction {unknown}

Dungeon Overview and Level Annotations

Branches:
Dungeon (5/15)
 Temple: D:4-7

Altars:

Annotations:
D:5 Duvessa


Message History

Enter note:
Enter note: Duvessa, Sister of Dowan comes into view.
She is wielding a +0 rapier.
Dowan shouts!
Dowan zaps a wand.
You turn into a sentient fungus.
Your +0 hand axe melds into your body.
Your +0 leather armour melds into your body.
You release spores at Dowan!
Dowan appears confused.
Dowan is moderately wounded.
Duvessa says, "Where magic fails, the sword succeeds!"
Dowan barely misses you.
You release spores at Dowan but do no damage.
Dowan is moderately wounded.
Duvessa gestures with her weapon.
Duvessa hits you but does no damage.
You release spores at Dowan.
Dowan is heavily wounded.
Duvessa completely misses you.
You release spores at Duvessa but do no damage.
Duvessa barely misses you.
You release spores at Dowan.
Dowan is severely wounded.
Duvessa hits you with a +0 rapier!
Ouch! That really hurt!
Dowan barely misses you.
You catch the helpless Dowan completely off-guard!
You release spores at Dowan!
You kill Dowan!
Duvessa screams, "No!
How DARE you!"
Duvessa goes berserk!
Duvessa barely misses you.
Your Axes skill gained 2 levels and is now at level 3!
You have reached level 2!
You have reached level 3!
Your experience leads to an increase in your attributes!
Increase (S)trength, (I)ntelligence, or (D)exterity?
You feel stronger. x2
You release spores at Duvessa but do no damage.
Duvessa completely misses you. Duvessa hits you with a +0 rapier!
Ouch! That really hurt!
You die...

######....#
#..........#
#..........#
#..........#
#..........#
#.........#
#......e.<#
#......f).# ###
#.........# #####.##
##........# .......#
#.......(# .......#
#........#
####..#####........#
...#..##.#...##....#
...'..........#....#
...#..........+....#


You could see Duvessa (berserk).

Vanquished Creatures
  Dowan (D:5)
  A quokka (D:5)
2 creatures vanquished.

Notes
Turn   | Place    | Note
-------+----------+-------------------------------------------
     0 | D:5      | qw the Gargoyle Delver began the quest for the Orb.
     0 | D:5      | Reached XP level 1. HP: 14/14 MP: 1/1
     0 | D:5      | 0 ||| qw: Version: 0.1-a-118-gb4e7ce6
     0 | D:5      | 0 ||| qw: Game counter: 10276
     0 | D:5      | 0 ||| qw: Always use a shield: true
     0 | D:5      | 0 ||| qw: God list: Okawaru
     0 | D:5      | 0 ||| qw: Allow faded altars: false
     0 | D:5      | 0 ||| qw: Do Orc after D:15 true
     0 | D:5      | 0 ||| qw: Do second Lair branch before Depths: true
     0 | D:5      | 0 ||| qw: Lair rune preference: random
     0 | D:5      | 0 ||| qw: Plans: Normal
     0 | D:5      | 0 ||| PLANNING D:1-11
   154 | D:5      | Noticed Dowan
   156 | D:5      | Noticed Duvessa
   166 | D:5      | Killed Dowan
   167 | D:5      | Reached skill level 3 in Axes
   167 | D:5      | Reached XP level 2. HP: 10/19 MP: 2/2
   167 | D:5      | Reached XP level 3. HP: 12/23 MP: 3/3
   167 | D:5      | Slain by Duvessa

Levels and vault maps discovered:
D:5:      layout_gridville, gammafunk_temple_overflow_claw, uniq_duvessa

Skill      XL: |  1 |
---------------+----+-----
Axes           | 3 |  3.6
Fighting       | |  3.2
Dodging        | |  1.5
Stealth        | |  5.4

Action                   || total
-------------------------++-------
Melee: Unarmed           ||     7
       Hand axe          ||     1
 Stab: Confused          ||     1
Armor: Skin              ||     1
Dodge: Dodged            ||     6

Table legend:
 A = Non-vault XP
 B = Vault XP
 C = Vault XP percentage of total XP
 D = Non-vault monster count
 E = Vault monster count
 F = Vault count percentage of total count
                 A         B        C        D         E       F
            +---------+---------+-------+---------+---------+-------
      Total |       2 |      69 |  97.2 |       1 |       1 |  50.0
            +---------+---------+-------+---------+---------+-------
        D:5 |       2 |      69 |  97.2 |       1 |       1 |  50.0
            +---------+---------+-------+---------+---------+-------
